 Dungeon Crawl Stone Soup version 0.21-a0-104-g7b58145 (webtiles) character file.

133 Ijustatesigmund the Skirmisher (level 5, 50/59 HPs)
             Began as an Ogre Hunter on July 5, 2017.
             Quit the game on level 3 of the Dungeon.
             The game lasted 00:06:51 (3218 turns).

Ijustatesigmund the Skirmisher (Ogre Hunter)        Turns: 3218, Time: 00:06:51

Health: 50/59      AC:  6    Str: 16    XL:     5   Next: 16%
Magic:  5/5        EV: 10    Int: 16    God:
Gold:   115        SH:  0    Dex: 12    Spells: 4/4 levels left

rFire    . . .     SeeInvis .   a - +0 whip
rCold    . . .     Gourm    .   (no shield)
rNeg     . . .     Faith    .   b - +1 robe
rPois    .         Spirit   .   (helmet restricted)
rElec    .         Reflect  .   (no cloak)
rCorr    .         Harm     .   (gloves unavailable)
MR       .....                  (boots unavailable)
Stlth    +.........             (no amulet)
HPRegen  0.19/turn              j - +2 ring of intelligence
MPRegen  0.09/turn              (no ring)

@: no status effects
A: unfitting armour, iridescent scales 1, agile 1, clever 1, inhibited
regeneration, tough skin 1
a: no special abilities


You were on level 3 of the Dungeon.
You were not hungry.

You visited 1 branch of the dungeon, and saw 3 of its levels.

You collected 115 gold pieces.

Inventory:

Hand Weapons
 a - a +0 whip (weapon)
Missiles
 c - 4 large rocks (quivered)
 d - 2 throwing nets
Armour
 b - a +1 robe (worn)
Jewellery
 j - a +2 ring of intelligence (left hand)
Wands
 n - a wand of flame (31/48)
Scrolls
 e - a scroll of blinking
 g - a scroll of remove curse
Potions
 h - 3 potions of curing
 i - 3 potions of agility
Comestibles
 f - 3 bread rations
 l - 3 fruits
 m - 2 chunks of flesh


   Skills:
 + Level 5.8 Fighting
 + Level 2.2 Maces & Flails
 - Level 4.0 Throwing
 - Level 1.7 Dodging
 - Level 0.6 Stealth


You had 4 spell levels left.
You didn't know any spells.

Dungeon Overview and Level Annotations

Branches:
Dungeon (3/15)

Altars:
Wu Jian


Innate Abilities, Weirdness & Mutations

You are too large for most types of armour.
You have tough skin. (AC +1)
You are partially covered in iridescent scales. (AC +2)
You are agile. (Dex +2)
Your mind is acute. (Int +2)
You do not regenerate when monsters are visible.


Message History

The hobgoblin barely misses you.
You closely miss the hobgoblin.
The hobgoblin is heavily wounded.
The hobgoblin hits you but does no damage.
You whack the hobgoblin!
You kill the hobgoblin!
No target in view!
No target in view!
No target in view!
No target in view!
Things that are here:
a club; a hobgoblin corpse
o - a scroll of identify
As you read the scroll of identify, it crumbles to dust.
k - a potion of mutation You feel extremely strange.
Your regeneration stops near monsters.
You feel clever.
Iridescent scales grow over part of your body.
You feel agile.
Are you sure you want to abandon this character and quit the game? (Confirm with "yes".)

#............#########...
#............'.).........
#............##......##
#............##......#
###............####...##
#..............####...#####+##
#..........#.....##...#.......
#..........#####.##...#.......
#............)..@.+...'.......
#..........#####.##...#.......
#.....>....+..................
#..........##############....#
###......##.............+....#
#########.#######....# ...#
#####'#######....# ..#
#####..........##....# ..#
#...'..........##....#


There were no monsters in sight!

Vanquished Creatures
  Terence (D:3)
  2 adders (D:3)
  An ooze (D:3)
  A worm (D:2)
  3 dart slugs
  3 leopard geckos
  A ball python (D:3)
  8 bats
  2 giant cockroaches (D:2)
  10 goblins
  8 hobgoblins
  8 jackals
  A quokka (D:2)
  7 frilled lizards
  7 kobolds
  7 rats
70 creatures vanquished.

Notes
Turn   | Place    | Note
-------+----------+-------------------------------------------
     0 | D:1      | Ijustatesigmund the Ogre Hunter began the quest for the Orb.
     0 | D:1      | Reached XP level 1. HP: 22/22 MP: 1/1
    32 | D:1      | Reached skill level 3 in Fighting
   387 | D:1      | Reached XP level 2. HP: 28/32 MP: 2/2
   591 | D:1      | Reached skill level 4 in Fighting
  1073 | D:1      | Reached XP level 3. HP: 36/39 MP: 3/3
  1541 | D:2      | Reached skill level 1 in Maces & Flails
  1898 | D:2      | Found an ornate altar of the Wu Jian Council.
  2063 | D:2      | Reached XP level 4. HP: 38/49 MP: 4/4
  2322 | D:2      | Reached skill level 5 in Fighting
  2770 | D:3      | Noticed Terence
  2785 | D:3      | Killed Terence
  3053 | D:3      | Reached XP level 5. HP: 49/57 MP: 5/5
  3217 | D:3      | Gained mutation: You do not regenerate when monsters are visible. [potion of mutation]
  3217 | D:3      | Gained mutation: Your mind is acute. (Int +2) [potion of mutation]
  3217 | D:3      | Gained mutation: You are partially covered in iridescent scales. (AC +2) [potion of mutation]
  3217 | D:3      | Gained mutation: You are agile. (Dex +2) [potion of mutation]
  3218 | D:3      | Quit the game

Vault maps used:
D:1:      matt_arrival_debris
D:2:      kennysheep_the_goblin_king, overflow_temple_1_default, first_bread,
          minmay_fountain_box
D:3:      uniq_terence, uniq_natasha

Skill      XL: |  1  2  3  4 |
---------------+-------------+-----
Fighting       | 3 4 5 |  5.8
Maces & Flails | 1 2 |  2.2
Throwing       | |  4.0
Dodging        | |  1.7
Stealth        | |  0.6

Action                   |  1- 3 |  4- 6 || total
-------------------------+-------+-------++-------
Melee: Short sword       |    70 |       ||    70
       Club              |    49 |       ||    49
       Whip              |    83 |   108 ||   191
Throw: Large rock        |     3 |     4 ||     7
  Use: Scroll            |     6 |     4 ||    10
       Potion            |       |     2 ||     2
 Stab: Sleeping          |     2 |     2 ||     4
  Eat: Chunk             |     3 |     5 ||     8
Armor: Robe              |    76 |    35 ||   111
Dodge: Dodged            |   146 |    86 ||   232
